Map: Jagannatha LE

Players

Vladimir - Winner!

  • Race: Protoss Protoss
  • League: Platinum
  • Spawn Location: 1:00

Massa

  • Race: Terran Terran
  • League: Platinum
  • Spawn Location: 7:00

VOD

Have the link to the VOD?

Description

Time

  • Played on: Oct. 22, 2020, 1:34 p.m.
  • Length: 6:58
Show
View Real Time Build Order
Export as new Build Order

Vladimir Protoss - Winner!

Build Orders:  

Get SALT Encoding   

  12  0:00  Probe (Chrono Boost)  
  13  0:10  Probe (Chrono Boost)  
  14  0:15  Probe (Chrono Boost)  
  15  0:27  Pylon  
  15  0:37  Assimilator  
  15  0:45  Probe  
  16  0:54  Forge  
  16  0:57  Probe (Chrono Boost)  
  16  1:00  Gateway  
  17  1:09  Probe (Chrono Boost)  
  18  1:15  Probe (Chrono Boost)  
  19  1:19  Pylon  
  19  1:23  Probe  
  20  1:29  Pylon  
  20  1:37  Photon Cannon  
  20  1:44  Pylon  
  20  2:04  Photon Cannon  
  20  2:06  Photon Cannon  
  20  2:19  Photon Cannon  
  20  2:32  Photon Cannon  
  20  2:38  Pylon  
  20  2:55  Gateway  
  20  3:04  Photon Cannon  
  20  3:09  Cybernetics Core  
  20  3:29  Gateway  
  20  3:34  Pylon  
  20  3:39  Assimilator  
  20  3:46  Stalker  
  22  3:49  Warp Gate (Chrono Boost)  
  22  3:52  Shield Battery  
  22  4:06  Probe  
  23  4:13  Pylon  
  23  4:18  Probe, Gateway  
  24  4:49  Gateway  
  22  5:04  Shield Battery  
  22  5:25  Stalker x2  
  22  5:26  Stalker x2  
  30  5:50  Stalker x3  
  30  5:51  Stalker x2  
  38  6:55  Stalker x3  
  38  6:56  Stalker  
  38  6:57  Stalker  
Show
View Real Time Build Order
Export as new Build Order

Massa Terran 

Build Orders:  

Get SALT Encoding   

  12  0:02  SCV  
  14  0:14  SCV  
  14  0:22  Supply Depot  
  14  0:26  SCV  
  15  0:43  Refinery, SCV  
  15  0:45  Barracks  
  16  0:55  SCV  
  17  1:08  SCV  
  18  1:24  SCV  
  18  1:25  Refinery  
  19  1:33  Reaper  
  20  1:41  SCV  
  20  1:45  Barracks  
  21  1:53  SCV  
  22  2:14  Factory  
  22  2:21  Marine  
  23  2:39  Marine  
  22  2:57  Marine  
  22  2:58  Factory Tech Lab  
  23  3:22  Supply Depot  
  23  3:43  Marine  
  24  3:50  Supply Depot  
  24  3:53  SCV  
  25  4:01  Refinery  
  24  4:12  Orbital Command  
  24  4:17  Refinery, Marine  
  25  4:29  Supply Depot  
  25  4:33  Siege Tank  
  25  4:35  Marine  
  25  4:37  Marine  
  30  4:52  Marine  
  30  4:55  Marine  
  31  5:23  Marine  
  31  5:24  Marine  
  33  5:34  Command Center  
  30  5:41  Marine  
  32  5:49  Bunker  
  26  6:10  Marine  
  23  6:17  Bunker  
  18  6:20  Marine  
  12  6:28  Marine  
  10  6:36  SCV  
  10  6:38  Marine  
Tags
 
Add a new tag
Caveats
  • Supply blocks, unpowered buildings, or Contaminate may cause inaccurate times.
  • Supply counts are checked every 10 seconds.